AoeStats
← Samarium

Black Forest

509932529Analyzed
2v2 RM · 3d ago on Sep 28, 2026· 54m 50s· 4 players
Game mode
Random Map
Map size
Medium (4 player)
Population
200
Speed
Normal
Resources
Standard
Victory
Conquest
Starting age
Dark Age
Ending age
Imperial Age
RankedLock teamsTeams togetherTeam positionsShared explorationLock speedFull tech treeHidden civsTurbo modeCheats
Victory
Defeat
🇩🇪 Romans · Germany
912
+13
🇩🇪 Persians · Germany
614
+25
🇫🇷 Turks · France
871
-40
🇫🇷 Slavs · France
798
-18
enzo98
0:26 Loom
13:02 Feudal Age
13:37 Double-Bit Axe
21:05 Castle Age
20:00 Man-at-Arms
26:02 Wheelbarrow
25:13 Town Watch
25:52 Bow Saw
25:24 Horse Collar
27:22 Fishing Lines
29:21 Squires
28:42 Pikeman
29:23 Long Swordsman
30:15 Crossbowman
37:23 Imperial Age
36:22 Ballistas
36:49 Heavy Plow
37:15 Hand Cart
37:00 Town Patrol
39:40 Comitatenses
39:41 Conscription
39:16 Stone Mining
39:17 Gold Mining
41:07 Crop Rotation
41:15 Gold Shaft Mining
40:39 Elite Centurion
42:07 Scale Barding Armor
42:02 Scale Mail Armor
42:13 Forging
42:11 Caravan
42:22 Legionary
44:23 Chemistry
43:44 Ballistics
43:28 Padded Archer Armor
43:19 Fletching
43:43 Guard Tower
43:49 Murder Holes
44:12 Fortified Wall
44:32 Halberdier
45:25 Gillnets
46:58 Masonry
47:27 Iron Casting
47:07 Chain Mail Armor
47:13 Chain Barding Armor
49:16 Blast Furnace
48:41 Leather Archer Armor
48:21 Bodkin Arrow
49:09 Husbandry
49:20 Bloodlines
48:59 Heavy Scorpion
51:38 Plate Barding Armor
51:19 Leather Archer Armor
51:00 Bodkin Arrow
54:36 Keep
54:07 Siege Engineers
54:32 Architecture
54:37 Ring Archer Armor
Fredl_5.8
0:34 Loom
12:32 Feudal Age
13:04 Double-Bit Axe
22:21 Castle Age
20:49 Arson
23:17 Bow Saw
24:58 Caravan
26:22 Horse Collar
28:26 Crossbowman
28:28 Elite Skirmisher
31:26 Husbandry
31:40 Bloodlines
32:36 Thumb Ring
35:53 Imperial Age
35:45 Ballistics
37:28 Two-Man Saw
37:34 Chemistry
36:27 Heated Shot
37:40 Conscription
38:26 Kamandaran
41:31 Sappers
42:52 Heavy Plow
43:31 Elite War Elephant
44:50 Hoardings
45:26 Crop Rotation
Samarium
0:40 Loom
12:44 Feudal Age
12:56 Man-at-Arms
21:56 Castle Age
21:08 Double-Bit Axe
21:07 Horse Collar
23:22 Forging
24:56 Bow Saw
33:18 Imperial Age
30:45 Gold Mining
32:15 Heavy Plow
34:57 Scale Barding Armor
35:28 Iron Casting
42:04 Blast Furnace
45:26 Wheelbarrow
46:30 Scale Mail Armor
47:41 Ballistics
47:39 Fortified Wall
48:08 Hand Cart
48:17 Capped Ram
MaggioreJack
14:04 Feudal Age
15:15 Fishing Lines
16:26 Man-at-Arms
18:02 Double-Bit Axe
23:14 Scale Mail Armor
28:04 Castle Age
28:51 Horse Collar
30:45 Bloodlines
30:36 Husbandry
31:53 Pikeman
32:57 Gillnets
37:12 Gold Mining
38:16 Bow Saw
39:19 Squires
42:23 Imperial Age
40:01 Fletching
41:40 Ballistics
41:32 Masonry
44:20 Murder Holes
45:26 Chemistry
44:51 Heavy Plow
45:42 Wheelbarrow
44:56 Town Watch
46:24 Halberdier
51:55 Conscription
51:26 Cavalier
51:28 Light Cavalry
53:51 Hussar
Connection lost

Rejoining the realm…

Still unreachable

The connection could not be restored.

Session expired

The server has moved on; the page needs a fresh start.